 Seeded DCSS version 0.28.0 (webtiles) character file.

Game seed: 12455045527757981411 (custom seed)

46 Illumine the Cudgeller (level 3, 0/36 HPs)
             Began as a Troll Berserker on Apr 10, 2022.
             Was a Believer of Trog.
             Succumbed to an adder's poison
             ... on level 2 of the Dungeon.
             The game lasted 00:00:57 (1245 turns).

Illumine the Cudgeller (Troll Berserker)            Turns: 1245, Time: 00:00:57

Health: 0/36       AC:  4    Str: 27    XL:     3   Next: 44%
Magic:  2/2        EV: 10    Int:  3    God:    Trog [**....]
Gold:   52         SH:  0    Dex:  9    Spells: 2/2 levels left

rFire   . . .      SeeInvis .   a - +0 mace
rCold   . . .      Faith    .   (no shield)
rNeg    . . .      Spirit   .   b - +0 animal skin
rPois   .          Reflect  .   i - +0 hat
rElec   .          Harm     .   (no cloak)
rCorr   .          Rampage  .   (gloves unavailable)
Will    .....                   (boots unavailable)
Stlth   +.........              (no amulet)
HPRegen 0.92/turn               (no ring)
MPRegen 0.08/turn               (no ring)

@: lethally poisoned (0 -> -1), flying, hasted, very quick
A: large, unfitting armour, claws 3, regeneration 1, shaggy fur 1, tough skin 1
a: Renounce Religion, Berserk, Trog's Hand


You were on level 2 of the Dungeon.
You worshipped Trog.
Trog was pleased with you.
You visited 1 branch of the dungeon, and saw 2 of its levels.

You collected 52 gold pieces.

Inventory:

Hand Weapons
 a - a +0 mace (weapon)
Missiles
 c - 59 stones (quivered)
Armour
 b - a +0 animal skin (worn)
 i - a +0 hat (worn)
Scrolls
 h - a scroll of teleportation {unknown}
 k - a scroll of noise {unknown}
Potions
 f - a potion of invisibility {unknown}
 g - a potion of resistance {unknown}
 j - a potion of lignification {unknown}


   Skills:
 - Level 2.4 Fighting
 * Level 4.1 Maces & Flails
 - Level 2.4 Dodging


You had 2 spell levels left.
You didn't know any spells.
Your spell library was empty.

Dungeon Overview and Level Annotations

Branches:
Dungeon (2/15)

Altars:

Shops:
D:2 *


Innate Abilities, Weirdness & Mutations

You are too large for most types of armour.
You have claws for hands.
Your natural rate of healing is unusually fast.
You are covered in fur. (AC +1)
You have tough skin. (AC +1)


Message History

You closely miss the adder.
The adder is almost dead.
You feel very sick. The adder bites you.
You are more poisoned.
The adder poisons you!
You barely miss the adder.
The adder is almost dead.
You feel very sick. The adder misses you. x2
You closely miss the adder.
The adder is almost dead.
You feel very sick. The adder bites you but does no damage.
You barely miss the adder.
The adder is almost dead.
You feel sick. The adder bites you but does no damage. The adder bites you.
* * * LOW HITPOINT WARNING * * *
You are more poisoned.
The adder poisons you!
You feel very sick.
You completely miss the adder.
The adder is almost dead.
You feel sick. The adder bites you.
* * * LOW HITPOINT WARNING * * *
You are lethally poisoned!
The adder poisons you! The adder closely misses you.
You sock the adder!
You kill the adder!
Trog accepts your kill.
You can now call upon Trog for regeneration and willpower.
* * * LOW HITPOINT WARNING * * *
You feel very sick.
It was a potion of flight.
You feel very buoyant.
You fly up into the air.
* * * LOW HITPOINT WARNING * * *
You feel sick.
It was a potion of haste.
You feel yourself speed up.
You die...

...###. ... #####.#
....... ... #.# #.....
..# #.# .....##.. #.#
.... ..# #.# #.. #.# #.#
#..##.############.#
#.##..†............##.##
........@...#######.##...
...###.##.#.# #.##### #
#. #.#.# #.# #. #.#.#
##.## .. #.#.# ##...## ..
..#.# ##.###.## ### ###.#
##.## ##.## #.# #..# #...
#.# #..## ##.#.


There were no monsters in sight!

Vanquished Creatures
  An adder (D:2)
  A dart slug (D:1)
  4 bats
  4 endoplasms
  2 giant cockroaches (D:2)
  4 hobgoblins
  2 kobolds (D:1)
  A quokka (D:2)
  4 ball pythons
  3 frilled lizards (D:1)
  3 goblins (D:2)
  2 rats (D:1)
31 creatures vanquished.

Notes
Turn   | Place    | Note
-------+----------+-------------------------------------------
     0 | D:1      | Illumine the Troll Berserker began the quest for the Orb.
     0 | D:1      | Reached XP level 1. HP: 22/22 MP: 0/0
   176 | D:1      | Found a faded altar of an unknown god.
   234 | D:1      | Reached skill level 3 in Maces & Flails
   262 | D:1      | Reached XP level 2. HP: 29/29 MP: 1/1
  1011 | D:2      | Reached XP level 3. HP: 36/36 MP: 2/2
  1151 | D:2      | Found Nuelawn's Assorted Antiques.
  1230 | D:2      | Reached skill level 4 in Maces & Flails
  1243 | D:2      | Reached ** piety under Trog
  1244 | D:2      | HP: 1/36 [poisoned by an adder]
  1245 | D:2      | Succumbed to an adder's poison

Illustrated notes

Levels and vault maps discovered:
D:1:      heliophobic_arrival_enchanted_forest, layout_loops_corners,
          nicolae_ecumenical_lake_church, minmay_misc_feat_room
D:2:      layout_loops_ring, serial_shops, nicolae_shop_advertising_works
          [nicolae_subvault_shop_adworks], uniq_natasha, uniq_sigmund

Skill      XL: |  1  2  3 |
---------------+----------+-----
Maces & Flails | 3 4 |  4.1
Fighting       | |  2.4
Dodging        | |  2.4

Action                   || total
-------------------------++-------
Melee: Mace              ||    80
       Punch             ||     3
  Use: Potion            ||     2
Armor: Animal skin       ||    37
Dodge: Dodged            ||    38
